 Dungeon Crawl Stone Soup version 0.20-a0-309-gcba9277 (webtiles) character file.

102795 gamerape the Brawler (level 16, 0/144 HPs)
             Began as a Ghoul Monk on Dec 18, 2016.
             Was the Champion of Okawaru.
             Slain by a catoblepas (13 damage)
             ... led by Polyphemus
             ... on level 2 of the Shoals on Dec 19, 2016.
             The game lasted 01:37:31 (21040 turns).

gamerape the Brawler (Ghoul Monk)                  Turns: 21040, Time: 01:37:32

Health: 0/144      AC: 17    Str: 26    XL:     16   Next: 34%
Magic:  22/22      EV:  2    Int:  5    God:    Okawaru [******]
Gold:   2388       SH:  0    Dex: 13    Spells: 14/15 levels left

rFire  + + .     SeeInvis +       - Unarmed
rCold  . . .     Gourm    .     a - +5 ring mail of the Game of Life {rF+ Regen+ SInv Stlth+}
rNeg   + + +     Faith    .     m - +0 shield {reflect}
rPois  ∞         Spirit   .     F - +2 hat {SInv}
rElec  .         Reflect  +     T - -3 cloak "Pecs" {Slay+6}
rCorr  .         Harm     .     (no gloves)
MR     +....                    L - +2 pair of boots
Stlth  ++++++....               P - amulet of Idorir {Reflect Str+2 SH+6}
                                Y - +5 ring of evasion
                                g - ring "Nadeatad" {Fire Str+4}

@: petrified, heroism, rotting
A: rotting body, claws 1, carnivore 3, cold resistance 1, negative energy
resistance 3, slow regeneration 1, torment resistance, unbreathing
a: Heroism, Finesse, Renounce Religion


You were on level 2 of the Shoals.
You worshipped Okawaru.
Okawaru was exalted by your worship.
You were not hungry.

You visited 4 branches of the dungeon, and saw 25 of its levels.
You also visited: Sewer and Ice Cave.

You collected 2660 gold pieces.
You spent 272 gold pieces at shops.

Inventory:

Hand Weapons
 s - a +0 blowgun
Missiles
 A - 20 tomahawks (quivered)
 C - 15 curare-tipped needles
Armour
 a - the +5 ring mail of the Game of Life (worn) {rF+ Regen+ SInv Stlth+}
   (Okawaru gifted it to you on level 4 of the Lair of Beasts)

   It protects you from fire.
   It lets you see invisible.
   It increases your rate of regeneration.
   It makes you more stealthy.
 f - a +0 large shield
 m - a +0 shield of reflection (worn)
 t - a +0 troll leather armour {Purgy}
 y - the +0 plate armour of Limited Liability {rN+ rCorr SInv}
   (You found it on level 4 of the Dungeon)

   It protects you from negative energy.
   It lets you see invisible.
   It protects you from acid and corrosion.
 F - a +2 hat of see invisible (worn)
 L - a +2 pair of boots (worn)
 T - the -3 cloak "Pecs" (worn) {Slay+6}
   (Okawaru gifted it to you on level 1 of the Lair of Beasts)

   It affects your accuracy and damage with ranged weapons and melee attacks
   (+6).
Jewellery
 g - the ring "Nadeatad" (left claw) {Fire Str+4}
   (You found it on level 7 of the Dungeon)

   [ring of fire]

   It enhances your fire magic.
   It affects your strength (+4).
   It protects you from fire.
   It makes you vulnerable to cold.
 P - the amulet of Idorir (around neck) {Reflect Str+2 SH+6}
   (You took it off an orc warrior on level 11 of the Dungeon)

   [amulet of reflection]

   It shields you and reflects attacks.
   It affects your strength (+2).
   It affects your SH (+6).
 X - a +3 ring of protection
 Y - a +5 ring of evasion (right claw)
Wands
 E - a wand of hasting (4/9)
Scrolls
 j - 4 scrolls of fog
 k - a scroll of amnesia
 l - 3 scrolls of blinking
 n - 4 scrolls of fear
 w - 9 scrolls of teleportation
 B - 2 scrolls of vulnerability {unknown}
 D - a scroll of torment {unknown}
 H - 5 scrolls of enchant weapon {unknown}
 K - a scroll of silence {unknown}
 M - a scroll of summoning {unknown}
 Q - 4 scrolls of enchant armour
 S - 14 scrolls of remove curse
 U - 2 scrolls of recharging {unknown}
 W - 6 scrolls of magic mapping {unknown}
Potions
 c - 3 potions of flight {unknown}
 d - 5 potions of invisibility
 e - a potion of haste
 i - 3 potions of agility
 o - 2 potions of ambrosia {unknown}
 p - 2 potions of degeneration {unknown}
 r - 5 potions of heal wounds
 u - 11 potions of curing
 G - a potion of beneficial mutation {unknown}
 I - 2 potions of resistance {unknown}
 J - a potion of cancellation {unknown}
 N - 7 potions of might
 R - 3 potions of lignification {unknown}
 Z - a potion of brilliance {unknown}
Books
 v - a book of Clouds

   Spells                             Type                      Level
   a - Mephitic Cloud                 Conjuration/Poison/Air       3
   b - Conjure Flame                  Conjuration/Fire             3
   c - Poisonous Cloud                Conjuration/Poison/Air       5
   d - Freezing Cloud                 Conjuration/Ice/Air          6
   e - Ring of Flames                 Charms/Fire                  7
 x - a book of Ice

   Spells                             Type                      Level
   a - Ice Form                       Ice/Transmutation            4
   b - Metabolic Englaciation         Hexes/Ice                    5
   c - Ozocubu's Refrigeration        Ice                          6
   d - Bolt of Cold                   Conjuration/Ice              6
   e - Freezing Cloud                 Conjuration/Ice/Air          6
   f - Simulacrum                     Ice/Necromancy               6
 V - a book of Battle

   Spells                             Type                      Level
   a - Infusion                       Charms                       1
   b - Shroud of Golubria             Charms/Translocation         2
   c - Song of Slaying                Charms                       2
   d - Spectral Weapon                Hexes/Charms                 3
   e - Regeneration                   Charms/Necromancy            3
Comestibles
 b - 14 meat rations
 h - 7 chunks of flesh
 q - 4 slices of pizza
 O - 9 beef jerkies


   Skills:
 * Level 13.2(18.2) Fighting
 - Level 1.2(6.2) Throwing
 + Level 9.9(14.9) Armour
 + Level 8.9(13.9) Dodging
 + Level 9.7(14.7) Stealth
 + Level 6.7(11.7) Shields
 * Level 18.1(23.1) Unarmed Combat
 - Level 10.3 Invocations


You had 14 spell levels left.
You knew the following spells:

 Your Spells              Type           Power        Failure   Level  Hunger
a - Infusion              Chrm           #...         90%         1    ##.....


Dungeon Overview and Level Annotations

Branches:
Dungeon (15/15)            Temple (0/1) D:7            Lair (6/6) D:9
 Shoals (2/4) Lair:2       Spider (0/4) Lair:3        Slime (0/5) Lair:6
    Orc (2/2) D:9             Elf (0/3) Orc:2        Vaults (0/5) D:14
 Depths (0/5) D:15

Altars:
Cheibriados
Dithmenos
Elyvilon
Gozag
Makhleb
Nemelex Xobeh
Okawaru
Ru
Vehumet
Zin
The Shining One
Beogh
Jiyva

Shops:
D:13 *   Orc:2 [}!?

Portals:
Pandemonium: Orc:2

Annotations:
Shoals:2 Polyphemus


Innate Abilities, Weirdness & Mutations

Your body is rotting away.
You thrive on raw meat.
You are immune to poison.
You have sharp fingernails.
You are carnivorous and can eat meat at any time.
Your flesh is cold resistant. (rC+)
You are immune to negative energy. (rN+++)
You regenerate slowly when monsters are visible.
You are immune to unholy pain and torment.
You can survive without breathing.


Message History

The death yak gores you but does no damage.
The catoblepas gores you but does no damage.
The death yak gores you but does no damage.
Polyphemus is engulfed in calcifying dust.
The death yak gores you.
* * * LOW HITPOINT WARNING * * *
The death yak gores you but does no damage.
The catoblepas breathes a plume of calcifying dust at you.
The blast of calcifying dust hits you!
The blast of calcifying dust hits Polyphemus.
You are engulfed in calcifying dust.
Polyphemus is no longer petrified.
Polyphemus is engulfed in calcifying dust.
Polyphemus is moving more slowly.
Polyphemus hits you!!
* * * LOW HITPOINT WARNING * * *
Polyphemus hits you!!
* * * LOW HITPOINT WARNING * * *
The death yak gores you.
* * * LOW HITPOINT WARNING * * *
The catoblepas gores you!!
You die...

≈≈≈≈≈≈≈≈≈ ≈≈≈ ≈≈≈≈≈≈≈≈≈ ≈≈≈≈≈≈
≈≈≈≈.≈≈.. .≈≈≈≈≈≈ ≈≈≈.....#
.≈≈≈≈≈≈ ≈≈...§..###.≈≈≈≈≈≈
≈≈...≈≈≈...≈≈≈≈≈≈≈≈
...≈..$≈..≈≈≈≈≈≈≈≈≈≈≈≈≈≈≈≈
.#..≈...C.Y≈≈≈≈≈≈≈≈≈≈≈≈≈≈≈ .
.C.....##@Y≈≈≈≈≈≈≈≈≈≈≈≈≈≈≈ ..
.Y≈≈.## ##Y..≈≈≈≈≈≈≈≈≈≈P≈≈ ##..
≈≈≈≈≈#####..≈≈≈≈≈≈≈≈≈≈≈P≈≈ #...
≈≈≈≈Y≈..§§≈≈≈≈≈≈≈≈≈≈≈≈P≈≈P ....
≈≈≈≈≈≈≈≈≈≈≈.≈≈≈≈≈≈≈≈≈P≈≈≈P .# ..≈
≈≈≈≈≈≈≈≈≈≈...≈≈≈≈≈≈.≈≈≈≈PP
###..≈≈ ≈≈≈≈≈≈≈≈...≈≈.....P≈≈≈≈
.#..≈≈≈ ..≈≈≈≈≈≈≈≈...≈......≈.≈≈≈
...≈?≈≈≈≈≈≈≈≈≈≈≈≈≈≈≈≈≈≈≈.....≈≈PP


You could see Polyphemus (petrifying), 2 death yaks and a catoblepas.

Vanquished Creatures
  Roxanne (D:15)
  Donald (Shoals:2)
  A frost giant (IceCv)
  A fire giant (D:15)
  The ghost of Nattefrost the Severer, a journeyman HOAK of Lugonu (Orc:2)
  A very ugly thing (D:14)
  5 dire elephants (Lair:6)
  Harold (D:11)
  A vault guard (D:14)
  A rakshasa (D:14)
  2 hydras
  A death knight (D:13)
  An anaconda (Lair:6)
  A death yak (IceCv)
  6 centaur warriors
  5 two-headed ogres
  2 tengu warriors
  4 orc high priests (Orc:2)
  Sonja (D:13)
  A sea snake (Shoals:1)
  A torturous demonspawn (Orc:2)
  3 unseen horrors
  A gelid demonspawn (Orc:2)
  An infernal demonspawn (Orc:2)
  A lindwurm (Lair:3)
  5 orc knights (Orc:2)
  Pikel (D:5)
  10 harpies
  4 cyclopes
  8 orc sorcerers (Orc:2)
  A deep elf mage (D:13)
  4 ugly things
  3 fauns (Shoals:1)
  4 manticores
  3 black mambas
  9 elephants
  2 merfolk sirens
  2 rust devils (Orc:2)
  4 centaur zombies
  Psyche (D:11)
  An ice statue (IceCv)
  15 spiny frogs
  3 rime drakes
  5 komodo dragons
  An efreet (D:15)
  3 ice devils (Orc:2)
  A merfolk (Shoals:1)
  4 trolls
  A hornet (D:12)
  18 polar bears
  A harpy skeleton (D:14)
  10 hippogriffs
  11 dream sheep (Lair:6)
  9 slime creatures
  2 snapping turtles
  13 blink frogs
  Sigmund (D:5)
  A ynoxinul (Orc:2)
  A shadow (D:13)
  A wraith (D:14)
  A water elemental (Shoals:2)
  3 wyverns
  40 yaks
  A vampire (D:15)
  4 hungry ghosts
  Eustachio (D:5)
  5 basilisks
  6 wargs
  2 soldier ants
  11 water moccasins
  Duvessa (D:5)
  Purgy (Sewer)
  4 porcupines
  4 ice beasts
  2 phantoms
  4 sky beasts
  4 necrophages
  24 orc warriors
  15 ogres
  23 wolves
  8 centaurs
  12 crocodiles
  A gnoll sergeant (D:8)
  15 bullfrogs
  A big kobold (D:12)
  Dowan (D:5)
  5 scorpions
  2 wyvern skeletons
  16 killer bees
  5 wights (D:8)
  5 crimson imps
  3 howler monkeys
  2 lava snakes (D:10)
  3 bullfrog zombies
  8 hounds
  26 orc priests
  A jelly (D:12)
  3 bullfrog skeletons
  5 iguanas
  8 centaur skeletons
  14 orc wizards
  Ijyb (D:3)
  14 worker ants
  A hound zombie (D:5)
  2 hound skeletons
  2 worker ant zombies
  4 gnolls (D:8)
  10 adders
  3 river rats (D:6)
  4 shadow imps
  2 oozes
  2 adder skeletons
  10 worms
  2 dart slugs
  8 leopard geckos
  66 orcs
  4 ball pythons
  4 bats
  8 giant cockroaches
  12 goblins
  8 hobgoblins
  11 jackals
  5 quokkas
  7 frilled lizards
  A goblin skeleton (D:4)
  A goblin zombie (D:4)
  3 hobgoblin zombies (D:4)
  15 kobolds
  A kobold skeleton (D:4)
  A kobold zombie (D:4)
  A leopard gecko zombie (D:6)
  2 orc zombies (D:4)
  A quokka skeleton (D:4)
  11 rats
  5 plants
740 creatures vanquished.

Vanquished Creatures (others)
  2 slaves (D:5)
  A killer bee (D:11)
  2 jellies (D:5)
  2 orc wizards
  A worker ant (D:5)
  A hound skeleton (D:5)
  2 orcs
  A kobold (D:12)
  2 fungi (Lair:4)
14 creatures vanquished.

Grand Total: 754 creatures vanquished

Notes
Turn   | Place    | Note
-------+----------+-------------------------------------------
     0 | D:1      | gamerape the Ghoul Monk began the quest for the Orb.
     0 | D:1      | Reached XP level 1. HP: 19/19 MP: 0/0
   246 | D:1      | Reached XP level 2. HP: 20/25 MP: 1/1
   597 | D:2      | Reached XP level 3. HP: 18/31 MP: 2/2
   730 | D:2      | Reached skill level 4 in Unarmed Combat
   812 | D:2      | Reached XP level 4. HP: 39/40 MP: 3/3
  1068 | D:3      | Found an iron altar of Okawaru.
  1097 | D:3      | Reached skill level 1 in Armour
  1137 | D:3      | Became a worshipper of Warmaster Okawaru
  1137 | D:3      | Reached * piety under Okawaru
  1137 | D:3      | Reached ** piety under Okawaru
  1192 | D:3      | Noticed Ijyb
  1223 | D:3      | Killed Ijyb
  1226 | D:3      | Reached XP level 5. HP: 27/46 MP: 4/4
  1297 | D:3      | Reached skill level 5 in Unarmed Combat
  1806 | D:3      | Found a sparkling altar of Nemelex Xobeh.
  1881 | D:4      | Reached XP level 6. HP: 35/52 MP: 5/5
  1970 | D:4      | Found a glowing golden altar of the Shining One.
  1983 | D:4      | Reached skill level 6 in Unarmed Combat
  2029 | D:4      | Reached *** piety under Okawaru
  2029 | D:4      | Reached skill level 1 in Invocations
  2029 | D:4      | Reached XP level 7. HP: 10/58 MP: 4/7
  2545 | D:4      | Reached skill level 7 in Unarmed Combat
  2696 | D:4      | Got a twisted plate armour
  2707 | D:4      | Identified the cursed +0 plate armour of Limited Liability {rN+ rCorr SInv} (You found it on level 4 of the Dungeon)
  2773 | D:5      | Entered Level 5 of the Dungeon
  2789 | D:5      | Noticed Pikel
  2790 | D:5      | Noticed Eustachio
  2816 | D:5      | Killed Pikel
  2816 | D:5      | Reached **** piety under Okawaru
  2816 | D:5      | Reached skill level 8 in Unarmed Combat
  2816 | D:5      | Reached XP level 8. HP: 53/66 MP: 7/9
  2830 | D:5      | Killed Eustachio
  2854 | D:5      | Found a shadowy altar of Dithmenos.
  2957 | D:5      | Received a gift from Okawaru
  2979 | D:5      | Noticed Sigmund
  2999 | D:5      | Killed Sigmund
  2999 | D:5      | Reached skill level 5 in Fighting
  2999 | D:5      | Reached skill level 9 in Unarmed Combat
  3071 | D:5      | Reached ***** piety under Okawaru
  3071 | D:5      | Reached XP level 9. HP: 49/73 MP: 10/10
  3277 | D:5      | Found a glowing silver altar of Zin.
  3277 | D:5      | Found a glowing golden altar of the Shining One.
  3484 | D:5      | Noticed Duvessa
  3485 | D:5      | Noticed Dowan
  3498 | D:5      | Killed Duvessa
  3501 | D:5      | Killed Dowan
  3591 | D:6      | Found a glowing drain.
  3659 | Sewer    | Entered a sewer
  3725 | Sewer    | Noticed Purgy
  3744 | Sewer    | Killed Purgy
  3744 | Sewer    | Reached skill level 10 in Unarmed Combat
  4032 | D:6      | Got a dazzling leather armour
  4144 | D:6      | Found a burning altar of Makhleb.
  4144 | D:6      | Noticed an Executioner
  4172 | D:6      | Reached skill level 5 in Armour
  4313 | D:6      | Reached skill level 1 in Throwing
  4356 | D:6      | Found an opulent altar of Gozag.
  4357 | D:6      | Found a sacrificial altar of Ru.
  4440 | D:6      | Found a radiant altar of Vehumet.
  4676 | D:6      | Reached skill level 11 in Unarmed Combat
  4809 | D:7      | Reached XP level 10. HP: 83/83 MP: 12/12
  4843 | D:7      | Found a snail-covered altar of Cheibriados.
  4949 | D:7      | Got a fine jade ring
  4958 | D:7      | Identified the ring "Nadeatad" {Fire Str+4} (You found it on level 7 of the Dungeon)
  4993 | D:7      | Found a staircase to the Ecumenical Temple.
  5199 | D:7      | Found a white marble altar of Elyvilon.
  6140 | D:9      | Found a staircase to the Orcish Mines.
  6217 | D:9      | Received a gift from Okawaru
  6217 | D:9      | Reached skill level 12 in Unarmed Combat
  6580 | D:9      | Found a staircase to the Lair.
  6793 | D:9      | Noticed a two-headed ogre
  6800 | D:9      | Killed a two-headed ogre
  6800 | D:9      | Reached skill level 5 in Invocations
  7065 | D:10     | Entered Level 10 of the Dungeon
  7070 | D:10     | Received a gift from Okawaru
  7074 | D:9      | Reached skill level 13 in Unarmed Combat
  7074 | D:9      | Reached XP level 11. HP: 78/91 MP: 11/13
  7356 | D:10     | Noticed a cyclops
  7370 | D:10     | Killed a cyclops
  7797 | D:10     | Identified the +1 leather armour of Lifelessness {*Drain rF- MR+ Int+3 Dex+9} (You found it on level 6 of the Dungeon)
  7875 | D:11     | Noticed Psyche
  7876 | D:11     | Reached ****** piety under Okawaru
  8134 | D:11     | Killed Psyche
  8199 | D:11     | Noticed a manticore
  8390 | D:11     | Reached skill level 5 in Dodging
  8509 | D:11     | Noticed a cyclops
  8532 | D:11     | Killed a cyclops
  8569 | D:11     | Reached skill level 14 in Unarmed Combat
  8605 | D:11     | Noticed a centaur warrior
  8623 | D:11     | Received a gift from Okawaru
  8626 | D:11     | Killed a centaur warrior
  8673 | D:11     | Noticed Harold
  8685 | D:11     | Killed Harold
  8772 | D:11     | Killed a manticore
  8957 | D:11     | Got a warped copper amulet
  9160 | Lair:1   | Entered Level 1 of the Lair of Beasts
  9180 | Lair:1   | Learned a level 1 spell: Infusion
  9404 | Lair:1   | Received a gift from Okawaru
  9404 | Lair:1   | Reached XP level 12. HP: 101/101 MP: 15/15
  9407 | Lair:1   | Got a twisted cloak {god gift}
  9418 | Lair:1   | Identified the -3 cloak "Pecs" {Slay+6} (Okawaru gifted it to you on level 1 of the Lair of Beasts)
  9437 | Lair:1   | Identified the amulet of Idorir {Reflect Str+2 SH+6} (You took it off an orc warrior on level 11 of the Dungeon)
 10202 | Lair:2   | Reached skill level 15 in Unarmed Combat
 10540 | Lair:2   | Found a staircase to the Shoals.
 10819 | Lair:3   | Reached skill level 1 in Shields
 10844 | Lair:3   | Found a hole to the Spider Nest.
 11095 | Lair:3   | Reached skill level 5 in Stealth
 11813 | Lair:4   | Noticed a seven-headed hydra
 11820 | Lair:4   | Killed a seven-headed hydra
 11842 | Lair:4   | Received a gift from Okawaru
 11845 | Lair:4   | Got a tiger eye-encrusted ring mail {god gift}
 11861 | Lair:4   | Identified the +5 ring mail of the Game of Life {rF+ Regen+ SInv Stlth+} (Okawaru gifted it to you on level 4 of the Lair of Beasts)
 12073 | Lair:4   | Reached XP level 13. HP: 103/111 MP: 17/17
 13111 | Lair:6   | Entered Level 6 of the Lair of Beasts
 13352 | Lair:6   | Received a gift from Okawaru
 13424 | Lair:6   | Reached skill level 16 in Unarmed Combat
 13433 | Lair:6   | Found a staircase to the Slime Pits.
 13434 | Lair:6   | Found a viscous altar of Jiyva.
 13460 | Lair:6   | Reached skill level 10 in Fighting
 13817 | Lair:6   | Noticed a dire elephant
 13824 | Lair:6   | Killed a dire elephant
 13835 | Lair:6   | Noticed a dire elephant
 13835 | Lair:6   | Noticed a dire elephant
 13855 | Lair:6   | Killed a dire elephant
 13860 | Lair:6   | Killed a dire elephant
 13970 | Lair:6   | Noticed a dire elephant
 13978 | Lair:6   | Killed a dire elephant
 13978 | Lair:6   | Reached XP level 14. HP: 83/121 MP: 19/19
 14000 | Lair:6   | Noticed a dire elephant
 14027 | Lair:6   | Killed a dire elephant
 14362 | Orc:1    | Entered Level 1 of the Orcish Mines
 14394 | Orc:2    | Entered Level 2 of the Orcish Mines
 14394 | Orc:2    | Noticed Nattefrost's ghost (journeyman HOAK)
 14434 | Orc:2    | Received a gift from Okawaru
 14440 | Orc:2    | Killed Nattefrost's ghost
 14658 | Orc:2    | Found Wathrucs's Magic Scroll Shop.
 14661 | Orc:2    | Found Qukereho's Distillery.
 14796 | Orc:2    | Bought a potion of might for 44 gold pieces
 14828 | Orc:2    | Paralysed by an orc sorcerer for 4 turns
 14946 | Orc:2    | Found a roughly hewn altar of Beogh.
 14984 | Orc:2    | Found a staircase to the Elven Halls.
 15018 | Orc:2    | Found a frozen archway.
 15034 | IceCv    | Entered an ice cave
 15479 | IceCv    | Reached skill level 5 in Shields
 15606 | IceCv    | Reached skill level 17 in Unarmed Combat
 15622 | IceCv    | Noticed a frost giant
 15645 | IceCv    | Killed a frost giant
 15703 | IceCv    | Got a crude long sword
 15902 | Orc:2    | Received a gift from Okawaru
 15963 | Orc:2    | Reached XP level 15. HP: 120/130 MP: 21/21
 16016 | Orc:2    | Found Ziggip's Gadget Emporium.
 16016 | Orc:2    | Found Qoism's Antique Armour Shoppe.
 16033 | Orc:2    | Found a one-way gate leading to the halls of Pandemonium.
 16064 | Orc:2    | Bought a pair of scorched gloves for 228 gold pieces
 16318 | Orc:1    | Found a roughly hewn altar of Beogh.
 17956 | D:13     | Noticed Sonja
 17962 | D:13     | Killed Sonja
 18077 | D:13     | Received a gift from Okawaru
 18128 | D:13     | Found Feomen's Assorted Antiques.
 18211 | D:13     | Reached skill level 10 in Invocations
 18740 | D:14     | Received a gift from Okawaru
 18752 | D:14     | Got a smoking broad axe {god gift}
 18777 | D:14     | Found a gate to the Vaults.
 18793 | D:14     | Identified the +4 broad axe "Xully" {vamp, rF- Str+4 Dex+6} (Okawaru gifted it to you on level 14 of the Dungeon)
 18872 | D:14     | Got an agate-encrusted leather armour
 18883 | D:14     | Identified the cursed +1 leather armour "Riumm" {rC+} (You found it on level 14 of the Dungeon)
 19245 | D:15     | Entered Level 15 of the Dungeon
 19334 | D:15     | Got an ancient flail
 19335 | D:15     | Identified the cursed +3 flail of Guile {flame, rElec Str+5} (You found it on level 15 of the Dungeon)
 19349 | D:15     | Found a staircase to the Depths.
 19350 | D:15     | Noticed a fire giant
 19537 | D:15     | Noticed Roxanne
 19554 | D:15     | Killed Roxanne
 19559 | D:15     | Received a gift from Okawaru
 19693 | D:15     | Killed a fire giant
 19693 | D:15     | Reached XP level 16. HP: 102/141 MP: 22/22
 19971 | D:15     | Reached skill level 18 in Unarmed Combat
 20351 | Shoals:1 | Entered Level 1 of the Shoals
 20625 | Shoals:1 | Received a gift from Okawaru
 20650 | Shoals:1 | Got a smoking glaive {god gift}
 20757 | Shoals:2 | Noticed Donald
 20777 | Shoals:2 | Killed Donald
 21009 | Shoals:2 | Noticed Polyphemus
 21040 | Shoals:2 | Slain by a catoblepas

Vault maps used:
D:1:      dpeg_arrival_windows_large_door
D:3:      corexii_shack_village, nemelex_xobeh_ov_fountains_minmay,
          old_standard_altar, uniq_iyjb
D:4:      nicolae_tso_besieged_by_evil
D:5:      grunt_dithmenos_smoke_and_mirrors, gammafunk_temple_overflow_elements,
          first_bread, uniq_sigmund, uniq_eustachio, uniq_duvessa, uniq_pikel
D:6:      gammafunk_temple_overflow_statue, makhleb_altar_promises_db,
          lemuel_doored_altar, portal_sewer_entry_c
D:7:      lemuel_coloured_pillars_altar, nicolae_overflow_hidden_temple,
          kennysheep_generic_room_3
D:8:      grunt_ogre_cave, lightli_corner_chamber
D:9:      erik_lair_orcish_takeover, david_orc_3, minmay_stone_trees_small
D:10:     disabler_island
D:11:     lab_entry_generic, uniq_harold, uniq_psyche
D:13:     serial_shops, nicolae_shop_trees, uniq_sonja
D:14:     david_vaults_5, minmay_misc_feat_nine_boxes
D:15:     grunt_enter_depths_giant_problem, serial_park_gazebo, uniq_roxanne
Lair:1:   lemuel_fruit_tree, infiniplex_staircase_pool_2, grunt_megastairs_5
Lair:2:   minmay_shoals_entry_lonely_mermaid, st_stairs_11, ldierk_geyser,
          beast_lair_carwin_2, grunt_megastairs_1
Lair:3:   nicolae_spider_entry_non_spiders, st_stairs_4
Lair:4:   columned_hall_lemuel
Lair:5:   st_stairs_12
Lair:6:   due_jungle_book, slime_altar_1
Shoals:2: serial_shops, shop, nicolae_shoals_seven_spires, uniq_donald,
          uniq_polyphemus
Orc:1:    basic_altar
Orc:2:    pf_orc_diabolical, portal_ice_cave_demonic_guard, basic_altar
Sewer:    sewer_the_crocodile
IceCv:    ice_cave_caverns_01

Skill      XL: |  1  2  3  4  5  6  7  8  9 10 11 12 13 14 15 16 |
---------------+-------------------------------------------------+-----
Unarmed Combat | 4 5 6 8 9 11 13 14 15 16 17 18 | 18.1
Dodging        | 3 4 5 6 7 8 |  8.9
Armour         | 1 2 3 4 5 6 7 8 9 |  9.9
Invocations    | 1 2 3 4 5 6 7 8 9 10 | 10.3
Fighting       | 4 5 6 7 9 10 11 12 13 | 13.2
Stealth        | 3 4 5 7 8 9 |  9.7
Throwing       | 1 |  1.2
Shields        | 2 4 5 6 |  6.7

Action                   |  1- 3 |  4- 6 |  7- 9 | 10-12 | 13-15 | 16-18 || total
-------------------------+-------+-------+-------+-------+-------+-------++-------
Melee: Unarmed           |    91 |   196 |   423 |   645 |  1168 |   142 ||  2665
       Punch             |       |     4 |    14 |    36 |       |       ||    54
 Fire: Blowgun           |       |       |     5 |       |       |       ||     5
Throw: Tomahawk          |       |       |     1 |       |     4 |       ||     5
Invok: Heroism           |       |     1 |     1 |     5 |     8 |     3 ||    18
       Finesse           |       |       |       |     1 |     1 |     1 ||     3
  Use: Scroll            |       |     7 |     6 |       |    11 |       ||    24
       Potion            |       |       |       |       |     3 |       ||     3
 Stab: Sleeping          |     3 |     4 |     1 |    13 |    26 |     3 ||    50
       Distracted        |     1 |       |       |     5 |     5 |       ||    11
  Eat: Chunk             |     4 |    10 |    46 |    72 |   133 |    26 ||   291
Armor: Robe              |     7 |     3 |       |       |       |       ||    10
       Ring mail         |       |    48 |    15 |    12 |   209 |    39 ||   323
       Plate armour      |       |       |   102 |       |       |       ||   102
       Troll leather arm |       |       |    30 |    74 |       |       ||   104
       Leather armour    |       |       |       |    67 |       |       ||    67
Dodge: Dodged            |    53 |   118 |   170 |   346 |   319 |    79 ||  1085
Block: Shield            |       |       |       |   127 |   741 |    54 ||   922
       Other             |       |       |       |     6 |       |       ||     6
       Reflection        |       |       |       |       |     9 |     4 ||    13
       Large shield      |       |       |       |       |       |    87 ||    87
